 Dungeon Crawl Stone Soup version 0.30.0-29-ga12c61a403 (webtiles) character file.

Game seed: 1231601818245055280

3 Sabo the Ducker (level 1, 10/10 HPs)
             Began as a Felid Monk on June 25, 2023.
             Got out of the dungeon alive.
             The game lasted 00:00:57 (88 turns).

Sabo the Ducker (Felid Monk)                          Turns: 88, Time: 00:00:58

Health: 10/10      AC:  1    Str:  7    XL:     1   Next: 41%
Magic:  2/2        EV: 19    Int: 11    God:
Gold:   13         SH:  0    Dex: 18    Spells: 0/0 levels left
                                        Lives:  0   Deaths: 0

rFire   . .          .
                       - Unarmed
rCold   . . .        (shield unavailable)
rNeg    . . .        (body armour unavailable)
rPois   .            (helmet unavailable)
rElec   .            (cloak unavailable)
rCorr   .            (gloves unavailable)
SInv    +            (boots unavailable)
Will    .....        (no amulet)
Stlth   ++           (no ring)
HPRegen 0.21/turn    (no ring)
MPRegen 0.08/turn

%: no passive effects
@: quick
A: very small, claws 1, fangs 3, see invisible, speed 1, shaggy fur 1, stealthy
paws, no weapons or thrown items, no armour, multi-lived
a: no special abilities


You escaped.
You visited 1 branch of the dungeon, and saw 1 of its levels.

You collected 13 gold pieces.

Inventory:

Potions
 a - a potion of ambrosia


   Skills:
 + Level 3.0 Fighting
 + Level 4.1 Dodging
 + Level 3.0 Unarmed Combat


You couldn't memorise any spells.
You didn't know any spells.
Your spell library was empty.

Dungeon Overview and Level Annotations

Branches:
Dungeon (1/15)

Altars:


Innate Abilities, Weirdness & Mutations

You have sharp claws.
You have razor-sharp teeth.
You have supernaturally acute eyesight. (SInv)
You cover ground quickly. (Speed+)
You are covered in fur. (AC +1)
Your paws help you pounce on unaware monsters.
You are incapable of wielding weapons or throwing items.
You cannot wear armour.
You gain extra lives every three experience levels.


Message History

Found a club.
A hobgoblin comes into view.
You closely miss the goblin. Your claw misses the goblin.
The goblin barely misses you.
You barely miss the goblin. The goblin hits you with a +0 dagger.
You barely miss the goblin. You closely miss the goblin.
The goblin hits you with a +0 dagger.
You completely miss the goblin. The goblin hits you but does no damage.
You scratch the goblin.
You kill the goblin!
Things that are here:
a +0 dagger; a goblin corpse A rat comes into view.
Things that are here:
a +0 dagger; a goblin corpse You see here an orb of guile.
You barely miss the hobgoblin. The hobgoblin barely misses you.
You scratch the hobgoblin.
The hobgoblin is heavily wounded.
The hobgoblin misses you.
You closely miss the hobgoblin.
The hobgoblin is heavily wounded.
The hobgoblin hits you. The rat misses you.
You scratch the hobgoblin.
You kill the hobgoblin!
The rat closely misses you.
You see here a hobgoblin corpse.
The rat bites you.
You scratch the rat.
You kill the rat!
There is a fountain of clear blue water here.
You now have 13 gold pieces.
There is an open door here.
There is a staircase leading out of the dungeon here.
There is an open door here.
There is an open door here.
There is a staircase leading out of the dungeon here.
You can't go down here!
Are you sure you want to leave the Dungeon?
This will make you lose the game!
You have escaped!

#. ..# #.###..#####..
......#.....#
#######......... .#
.........#....###.##
###......#.#.......#
.............⌠...⌠.#
.......†......###..# .
....#.........#@#..# . .
..#.#.......#'#..##.#
....#.[....⌠...⌠..#.###
........................
......#...............###
.........)...............
...##.##..#..##....##.##.
............##....# .#
##......#..####..#


There were no monsters in sight!

Vanquished Creatures
  A goblin (D:1)
  A hobgoblin (D:1)
  A rat (D:1)
3 creatures vanquished.

Notes
Turn   | Place    | Note
-------+----------+-------------------------------------------
     0 | D:1      | Sabo the Felid Monk began the quest for the Orb.
     0 | D:1      | Reached XP level 1. HP: 10/10 MP: 2/2
    88 | D:$      | Got out of the dungeon alive.

Illustrated notes

Levels and vault maps discovered:
D:1:      scummos_arrival_simple_fountains, layout_basic, kennysheep_boxes

Action                     || total
---------------------------++-------
  Melee: Unarmed           ||    11
 Armour: Skin              ||     1
  Dodge: Dodged            ||     5
